Map: Blackburn LE

Players

Smaug

  • Race: Protoss Protoss
  • League: Platinum

ViBE - Winner!

  • Race: Zerg Zerg
  • League: Diamond

VOD

Have the link to the VOD?

Description

Time

  • Played on: April 11, 2021, 3:08 a.m.
  • Length: 6:05
Show
View Real Time Build Order
Export as new Build Order

Smaug Protoss 

Build Orders:  

Get SALT Encoding   

  12  0:01  Probe (Chrono Boost)  
  13  0:11  Probe (Chrono Boost)  
  14  0:16  Probe (Chrono Boost)  
  15  0:26  Pylon  
  15  0:44  Probe, Forge  
  16  0:53  Gateway  
  16  1:03  Pylon  
  16  1:09  Probe (Chrono Boost)  
  18  1:20  Probe (Chrono Boost)  
  18  1:25  Probe (Chrono Boost)  
  18  1:28  Photon Cannon  
  18  1:30  Photon Cannon  
  19  1:44  Cybernetics Core  
  19  2:06  Assimilator  
  19  2:11  Gateway, Assimilator  
  19  2:15  Gateway  
  19  2:21  Zealot  
  21  2:47  Pylon, Warp Gate (Chrono Boost)  
  21  2:49  Photon Cannon  
  23  2:55  Stalker  
  23  3:04  Gateway  
  23  3:09  Gateway  
  23  3:11  Zealot x2  
  27  3:25  Twilight Council  
  27  3:38  Shield Battery  
  27  3:45  Pylon  
  27  3:53  Probe  
  28  4:00  Charge (Chrono Boost)  
  28  4:05  Probe  
  29  4:17  Probe  
  29  4:21  Zealot  
  29  4:22  Zealot  
  34  4:29  Probe  
  34  4:30  Stalker  
  37  5:08  Pylon  
  37  5:10  Zealot  
  39  5:15  Pylon  
  39  5:19  Pylon  
  39  5:26  Dark Shrine  
  39  5:29  Zealot  
  39  5:30  Zealot x2  
Show
View Real Time Build Order
Export as new Build Order

ViBE Zerg - Winner!

Build Orders: Hatch First, Roach Nydus 

Get SALT Encoding   

  12  0:00  Drone  
  13  0:12  Overlord  
  13  0:17  Drone  
  14  0:32  Drone  
  14  0:33  Drone  
  16  0:51  Hatchery  
  16  0:52  Drone  
  16  0:56  Drone  
  17  0:58  Drone  
  18  1:15  Spawning Pool  
  17  1:20  Drone  
  17  1:25  Drone  
  19  1:48  Drone  
  19  1:49  Drone  
  21  1:55  Drone  
  22  2:08  Extractor, Queen x2  
  24  2:13  Drone  
  24  2:14  Drone x2  
  28  2:26  Overlord  
  28  2:27  Overlord  
  28  2:31  Extractor x2  
  27  2:38  Drone  
  27  2:39  Overlord  
  28  2:47  Drone x3  
  28  2:49  Queen  
  33  3:10  Drone x4  
  37  3:16  Roach Warren  
  37  3:19  Drone x5  
  41  3:25  Evolution Chamber  
  40  3:31  Lair  
  40  3:41  Drone x5  
  44  3:46  Evolution Chamber  
  44  3:59  Extractor, Drone  
  44  4:00  Drone x2  
  44  4:01  Drone  
  47  4:04  Drone  
  47  4:06  Roach x2  
  52  4:12  Overlord x2  
  52  4:23  Overlord  
  52  4:29  Nydus Network  
  53  4:31  Roach x5  
  53  4:35  Roach  
  53  4:36  Roach  
  65  4:39  Roach  
  65  4:41  Overlord  
  67  4:45  Overlord  
  67  5:04  Roach  
  67  5:05  Roach x6  
  81  5:07  Nydus Canal  
  81  5:21  Overlord x2  
  81  5:42  Roach  
  89  5:43  Roach x8  
  89  5:44  Overseer  
Tags
 
Add a new tag
Caveats
  • Supply blocks, unpowered buildings, or Contaminate may cause inaccurate times.
  • Supply counts are checked every 10 seconds.